 Dungeon Crawl Stone Soup version 0.29.1-15-g9cfb28693d (webtiles) character file.

Game seed: 9693573847219307096

36 Heoruswealwe the Magician (level 3, -2/19 HPs)
             Began as a Deep Elf Earth Elementalist on Apr 4, 2023.
             Slain by an orc priest
             ... wielding a +0 dagger
              (3 damage)
             ... on level 3 of the Dungeon.
             The game lasted 00:16:49 (1579 turns).

Heoruswealwe the Magician (DEEE)                    Turns: 1579, Time: 00:16:50

Health: -2/19      AC:  2    Str:  5    XL:     3   Next: 19%
Magic:  7/10       EV: 12    Int: 21    God:
Gold:   62         SH:  0    Dex: 15    Spells: 4/10 levels left

rFire   . . .      SeeInvis .   (no weapon)
rCold   . . .      Faith    .   (no shield)
rNeg    . . .      Spirit   .   a - +0 robe
rPois   .          Reflect  .   (no helmet)
rElec   .          Harm     .   (no cloak)
rCorr   .          Rampage  .   (no gloves)
Will    +....                   (no boots)
Stlth   ++........              (no amulet)
HPRegen 0.06/turn               d - ring of willpower
MPRegen 0.12/turn               (no ring)

@: no status effects
A: no striking features
a: no special abilities


You were on level 3 of the Dungeon.
You visited 1 branch of the dungeon, and saw 3 of its levels.

You collected 62 gold pieces.

Inventory:

Armour
 a - a +0 robe (worn)
Jewellery
 d - a ring of willpower (left hand)
Scrolls
 g - a scroll of blinking
 k - a scroll of amnesia
Potions
 b - a potion of magic
 c - a potion of curing
 f - a potion of heal wounds {unknown}
 h - a potion of degeneration {unknown}
 i - a potion of berserk rage {unknown}
 j - a potion of haste {unknown}


   Skills:
 - Level 2.4(1.2) Dodging
 - Level 2.4(1.2) Stealth
 + Level 4.2(2.1) Spellcasting
 - Level 1.1(0.5) Transmutations
 + Level 4.1(2.0) Earth Magic


You had 4 spell levels left.
You knew the following spells:

 Your Spells              Type           Power      Damage    Failure   Level
a - Sandblast             Erth           20%        2d7       6%          1
b - Stone Arrow           Conj/Erth      12%        3d7       28%         3
z - Passwall              Tmut/Erth      5%         N/A       13%         2

Your spell library contained the following spells:

 Spells                   Type           Power      Damage    Failure   Level
 Ignite Poison            Fire/Tmut/Pois 2%         N/A       38%         3
 Conjure Flame            Conj/Fire      2%         6-21      41%         3
 Petrify                  Tmut/Erth      7%         N/A       65%         4
 Sticky Flame             Conj/Fire      2%         2d3       82%         4


Dungeon Overview and Level Annotations

Branches:
Dungeon (3/15)

Altars:
Ashenzari

Shops:
D:1 :


Message History

Found an escape hatch in the floor.
There is a stone staircase leading up here.
There is an escape hatch in the floor here.
Found 8 gold pieces.
Found an escape hatch in the ceiling.
Found 6 stones.
You now have 62 gold pieces (gained 8).
There is an escape hatch in the ceiling here.
A mysterious force pulls you upwards. The hatch slams shut behind you.
There is a stone staircase leading down here.
You climb downwards.
The orc wizard shouts!
The orc priest shouts!
There is a stone staircase leading up here.
The blast of sand misses the orc wizard.
The orc wizard hits you with a +0 dagger.
The orc priest mumbles some strange prayers to Beogh against you.
Beogh smites you!
Ouch! That really hurt!
* * * LOW HITPOINT WARNING * * *
The orc wizard barely misses you.
Casting: Sandblast (safe; 6% risk of failure)
Confirm with . or Enter, or press ? or * to list all spells.
Aiming: Sandblast (safe; 6% risk of failure)
Press: ? - help, Shift-Dir - straight line, f/p - orc wizard
Aim: an orc wizard, wielding a +0 dagger and wearing a +0 robe (77% to hit)
The blast of sand hits the orc wizard!
The orc wizard is heavily wounded.
The orc wizard hits you with a +0 dagger.
* * * LOW HITPOINT WARNING * * *
The orc closely misses you.
The orc priest hits you with a +0 dagger.
* * * LOW HITPOINT WARNING * * *
Casting: Sandblast (safe; 6% risk of failure)
Confirm with . or Enter, or press ? or * to list all spells.
Aiming: Sandblast (safe; 6% risk of failure)
Press: ? - help, Shift-Dir - straight line, f/p - orc wizard
Aim: an orc wizard, wielding a +0 dagger and wearing a +0 robe (heavily wounded, 77% to hit)
The blast of sand hits the orc wizard.
The orc wizard is severely wounded.
The orc priest hits you with a +0 dagger.
You die...

####
##...#######
#..........
#........
###....oo#
#......@o#
#^###.#### #


You could see an orc priest, an orc wizard and an orc.

Vanquished Creatures
  A dart slug (D:1)
  2 bats (D:1)
  3 endoplasms
  2 giant cockroaches
  4 hobgoblins
  3 jackals (D:1)
  5 kobolds
  2 quokkas
  A ball python (D:2)
  A frilled lizard (D:1)
  3 goblins (D:1)
  A rat (D:1)
28 creatures vanquished.

Notes
Turn   | Place    | Note
-------+----------+-------------------------------------------
     0 | D:1      | Heoruswealwe the Deep Elf Earth Elementalist began the
                  | quest for the Orb.
     0 | D:1      | Reached XP level 1. HP: 10/10 MP: 6/6
   239 | D:1      | Reached XP level 2. HP: 10/15 MP: 5/8
   242 | D:1      | Learned a level 2 spell: Passwall
   666 | D:1      | Found Ymmiunich's Book Boutique.
  1006 | D:2      | Reached XP level 3. HP: 19/19 MP: 8/10
  1010 | D:2      | Learned a level 3 spell: Stone Arrow
  1030 | D:2      | Found a faded altar of an unknown god.
  1076 | D:2      | Prayed at the altar of an unknown god.
  1076 | D:2      | Became a worshipper of Ashenzari the Shackled
  1077 | D:2      | Fell from the grace of Ashenzari
  1579 | D:3      | Slain by an orc priest

Illustrated notes

Levels and vault maps discovered:
D:1:      minmay_arrival_radiant_lines, layout_basic, serial_shops, shop
D:2:      layout_loops_ring, hellmonk_ecumenical_altar_blasted,
          kennysheep_generic_room_10
D:3:      layout_loops_ring, eat_drink_and_be_merry_uskayaw, uniq_natasha,
          uniq_ijyb

Skill      XL: |  1  2 |
---------------+-------+-----
Spellcasting   | 4 |  4.2
Earth Magic    | 4 |  4.1
Dodging        | |  2.4
Stealth        | |  2.4
Transmutations | |  1.1

Action                   || total
-------------------------++-------
 Cast: Sandblast         ||    38
Invok: Renounce Religion ||     1
  Use: Scroll            ||     5
Dodge: Dodged            ||     6
